 Dungeon Crawl Stone Soup version 0.31.0-12-g77e489cdc1 (webtiles) character file.

Game seed: 16237613984686111097

16570 hawla the Carver (level 12, -10/91 HPs)
             Began as a Minotaur Fighter on Mar 6, 2024.
             Was an Initiate of Yredelemnul.
             Mangled by a very large slime creature (39 damage)
             ... on level 14 of the Dungeon.
             The game lasted 00:30:54 (11728 turns).

hawla the Carver (Minotaur Fighter)                Turns: 11728, Time: 00:30:55

Health: -10/91     AC: 14    Str: 24    XL:     12   Next: 11%
Magic:  19/19      EV: 18    Int:  5    God:    Yredelemnul [......]
Gold:   133        SH: 12    Dex: 14    Spells: 11/11 levels left

rFire   + . .        G - +4 scimitar (freeze)
rCold   . . .        z - +1 kite shield
rNeg    . . .        J - +2 troll leather armour "Decakajo" {rF+ Regen+ Str+2}
rPois   +            (helmet restricted)
rElec   .            E - +2 cloak {rPois}
rCorr   .            A - +2 pair of gloves
SInv    +            (no boots)
Will    .....        c - amulet of regeneration
Stlth   +            x - ring of see invisible
HPRegen 1.95/turn    i - +5 ring of evasion
MPRegen 0.16/turn

%: no passive effects
@: no status effects
A: horns 2, retaliatory headbutt, iridescent scales 1, high MP 1, teleportitis 1
a: Renounce Religion, Recall Undead Harvest


You were on level 14 of the Dungeon.
You worshipped Yredelemnul.
Yredelemnul was aware of your devotion.
You visited 2 branches of the dungeon, and saw 15 of its levels.
You also visited: Bailey.

You collected 733 gold pieces.
You spent 600 gold pieces at shops.

Inventory:

Hand Weapons
 a - a +3 dagger
 G - a +4 scimitar of freezing (weapon)
Missiles
 q - 13 poisoned darts (quivered)
 s - a curare-tipped dart
Armour
 h - the +1 ring mail "Xeabb" {rElec Int+2 Stlth+}
   (You found it on level 2 of the Dungeon)

   Int+2:     It affects your intelligence (+2).
   rElec:     It insulates you from electricity.
   Stlth+:    It makes you more stealthy.
 z - a +1 kite shield (worn)
 A - a +2 pair of gloves (worn)
 E - a +2 cloak of poison resistance (worn)
 J - the +2 troll leather armour "Decakajo" (worn) {rF+ Regen+ Str+2}
   (You bought it in a shop on level 2 of the Dungeon)

   Str+2:     It affects your strength (+2).
   rF+:       It protects you from fire.
   Regen+:    It increases your rate of health regeneration.
Jewellery
 c - an amulet of regeneration (around neck)
 i - a +5 ring of evasion (right hand)
 k - a ring of ice
 l - a ring of positive energy
 o - a +6 ring of dexterity
 x - a ring of see invisible (left hand)
Wands
 b - a wand of digging (3)
 y - a wand of charming (19)
 B - a wand of flame (48)
 C - a wand of iceblast (8)
 I - a wand of light (8)
Scrolls
 e - 6 scrolls of identify
 m - 3 scrolls of vulnerability
 n - 3 scrolls of silence
 v - 3 scrolls of fog
Potions
 d - 2 potions of might
 f - 3 potions of enlightenment
 g - a potion of haste
 j - 3 potions of curing
 r - 5 potions of attraction
 t - 2 potions of lignification
 u - a potion of mutation
 D - a potion of ambrosia
 F - a potion of resistance
 H - a potion of heal wounds


   Skills:
 - Level 4.0 Fighting
 - Level 6.7(10.3) Short Blades
 - Level 13.2(14.0) Long Blades
 - Level 6.0 Throwing
 - Level 7.0 Armour
 - Level 6.0 Dodging
 - Level 10.0 Shields
 + Level 8.7 Invocations
 - Level 3.0 Evocations


You had 11 spell levels left.
You didn't know any spells.
Your spell library was empty.

Dungeon Overview and Level Annotations

Branches:
Dungeon (15/15)            Temple (1/1) D:4            Lair (0/5) D:8
    Orc (0/2) D:10         Bailey (visited)
 Vaults: D:13-14     Depths: D:15

Altars:
Ashenzari
Cheibriados
Dithmenos
Elyvilon
Fedhas
Gozag
Hepliaklqana
Kikubaaqudgha
Makhleb
Nemelex Xobeh
Okawaru
Qazlal
Ru
Sif Muna
Trog
Uskayaw
Vehumet
Wu Jian
Xom
Yredelemnul
Zin
The Shining One
Lugonu

Shops:
D:2 [   D:10 (   D:11 [


Innate Abilities, Weirdness & Mutations

You have a pair of horns on your head.
You reflexively headbutt those who attack you in melee.
You are partially covered in iridescent scales. (AC +2)
You have an increased reservoir of magic. (+10% MP)
You are occasionally teleported next to monsters.


Message History

You freeze the very large slime creature.
You headbutt the very large slime creature.
The very large slime creature is moderately wounded.
The very large slime creature barely misses you.
You furiously retaliate!
You headbutt the very large slime creature.
The very large slime creature misses you.
You completely miss the very large slime creature.
You headbutt the very large slime creature!
The very large slime creature is moderately wounded.
The very large slime creature hits you but does no damage.
The very large slime creature hits you!!
A cyclops comes into view.
The cyclops shouts!
You hear a faint skittering sound.
You slash the very large slime creature!
You freeze the very large slime creature!
Your headbutt misses the very large slime creature.
The very large slime creature is heavily wounded.
You block the very large slime creature's attack.
The very large slime creature barely misses you.
Unknown command.
You slash the very large slime creature!
You freeze the very large slime creature.
You headbutt the very large slime creature, but do no damage.
The very large slime creature is heavily wounded.
Unknown command.
You hit the very large slime creature.
You freeze the very large slime creature.
You headbutt the very large slime creature.
The very large slime creature is heavily wounded.
The very large slime creature hits you!!!
You block the very large slime creature's attack.
You hear a faint skittering sound.
You slash the very large slime creature!
You freeze the very large slime creature.
Your headbutt misses the very large slime creature.
The very large slime creature is severely wounded.
The very large slime creature hits you!!!
You die...
Your body rises from the dead as a mindless zombie. .### ...### .....# #...u #u.C #uu

#J#
#@#
#J#
#.#
#>#
#.#
...
#####


You could see 4 ugly things, 2 very large slime creatures and a cyclops.

Vanquished Creatures
  2 boulder beetles
  A centaur warrior (D:10)
  A two-headed ogre (D:11)
  Nergalle (D:11)
  A skeletal warrior (D:15)
  3 orc knights
  The ghost of jimonade the Conjurer, a novice HuCj (D:6)
  An ugly thing (D:14)
  2 cyclopes
  3 centaur zombies (D:15)
  An unseen horror (D:11)
  A gargoyle (D:10)
  A komodo dragon (D:11)
  2 trolls
  A hornet (D:7)
  A yak (D:9)
  2 wraiths (D:10)
  2 wyverns (D:9)
  2 wargs (D:15)
  5 vampire mosquitoes (D:11)
  2 water moccasins
  8 orc warriors
  4 ice beasts
  A sky beast (D:7)
  2 wolves (D:8)
  3 ogres
  3 centaurs
  A phantom (D:5)
  2 kobold brigands
  4 bullfrogs
  7 wights
  8 killer bees
  A howler monkey (D:8)
  A bombardier beetle (D:3)
  4 hounds
  9 orc priests
  Crazy Yiuf (D:7)
  A sleepcap (D:6)
  4 iguanas
  10 orc wizards
  12 gnolls
  3 adders
  4 shadow imps (D:7)
  2 white imps
  6 ufetubi
  4 dart slugs
  4 ribbon worms
  26 orcs
  9 bats
  6 endoplasms
  2 giant cockroaches
  17 goblins
  4 hobgoblins
  4 jackals (D:1)
  A quokka (D:3)
  12 ball pythons
  2 frilled lizards (D:1)
  32 kobolds
  3 rats
263 creatures vanquished.

Vanquished Creatures (collateral kills)
  A troll (D:10)
  2 yaks (D:9)
  A vampire (D:9)
  A basilisk (D:15)
  2 vampire mosquitoes (D:11)
  5 orc warriors
  4 wights
  A killer bee (D:11)
  A howler monkey (D:11)
  An orc priest (D:15)
  An orc wizard (D:8)
  8 orcs
  A kobold (D:9)
29 creatures vanquished.

Vanquished Creatures (others)
  A warg zombie (D:15)
  A water moccasin zombie (D:8)
  An orc wizard (D:4)
  5 killer bee zombies
  2 kobold zombies (D:9)
  20 orc zombies
30 creatures vanquished.

Grand Total: 322 creatures vanquished

Notes
Turn   | Place    | Note
-------+----------+-------------------------------------------
     0 | D:1      | hawla the Minotaur Fighter began the quest for the Orb.
     0 | D:1      | Reached XP level 1. HP: 19/19 MP: 0/0
   102 | D:1      | Reached XP level 2. HP: 23/27 MP: 1/1
   542 | D:1      | Reached XP level 3. HP: 31/33 MP: 2/2
   875 | D:2      | Reached skill level 5 in Shields
   881 | D:2      | Identified the +1 ring mail "Xeabb" {rElec Int+2 Stlth+}
  1176 | D:2      | Reached skill level 1 in Dodging
  1208 | D:2      | Found Cireghea's Antique Armour Shop.
  1826 | D:3      | Found an opulent altar of Gozag.
  1910 | D:3      | Reached XP level 4. HP: 40/40 MP: 3/3
  2142 | D:3      | Reached XP level 5. HP: 46/46 MP: 4/4
  2142 | D:3      | Found a faded altar of an unknown god.
  2494 | D:4      | Found a staircase to the Ecumenical Temple.
  2517 | Temple   | Entered the Ecumenical Temple
  2686 | D:4      | Found an ancient bone altar of Kikubaaqudgha.
  2756 | D:4      | Reached skill level 5 in Dodging
  2902 | D:4      | Reached XP level 6. HP: 52/52 MP: 5/5
  2989 | D:4      | Found a hazy altar of Hepliaklqana.
  3296 | D:5      | Entered Level 5 of the Dungeon
  3326 | D:5      | Reached skill level 1 in Evocations
  3530 | D:5      | Reached XP level 7. HP: 55/59 MP: 6/6
  3547 | D:5      | Found a bloodstained altar of Trog.
  4033 | D:5      | Found a broken altar of Ashenzari.
  4097 | D:5      | Found a burning altar of Makhleb.
  4110 | D:5      | Reached skill level 5 in Armour
  4647 | D:6      | Reached skill level 1 in Short Blades
  4793 | D:6      | Reached XP level 8. HP: 66/66 MP: 7/7
  5027 | D:6      | Found a runed translucent door.
  5030 | D:6      | Noticed jimonade's ghost (novice HuCj)
  5512 | D:6      | Found a shimmering blue altar of Sif Muna.
  5642 | D:6      | Killed jimonade's ghost
  6002 | D:7      | Reached skill level 3 in Long Blades
  6006 | D:7      | Reached skill level 4 in Long Blades
  6008 | D:7      | Found a flagged portal.
  6022 | D:7      | Reached skill level 5 in Long Blades
  6023 | Bailey   | Entered a bailey
  6080 | Bailey   | Noticed an orc knight
  6107 | Bailey   | Reached XP level 9. HP: 56/71 MP: 8/8
  6134 | Bailey   | Reached skill level 6 in Long Blades
  6282 | Bailey   | Gained mutation: You are partially covered in iridescent
                  | scales. (AC +2) [potion of mutation]
  6282 | Bailey   | Gained mutation: You are occasionally teleported next to
                  | monsters. [potion of mutation]
  6282 | Bailey   | Gained mutation: You have an increased reservoir of magic.
                  | (+10% MP) [potion of mutation]
  6309 | Bailey   | Killed an orc knight
  6310 | Bailey   | Reached skill level 8 in Long Blades
  6995 | D:7      | Reached skill level 9 in Long Blades
  7103 | D:7      | Reached skill level 10 in Long Blades
  7296 | D:7      | Found a runed translucent door.
  7297 | D:7      | Noticed Crazy Yiuf
  7603 | D:7      | Reached skill level 11 in Long Blades
  7611 | D:7      | Found a basalt altar of Yredelemnul.
  7841 | D:7      | Became a worshipper of Yredelemnul the Dark
  8066 | D:7      | Killed Crazy Yiuf
  8152 | D:8      | Found a staircase to the Lair.
  8166 | D:8      | Reached * piety under Yredelemnul
  8171 | D:8      | Reached XP level 10. HP: 48/78 MP: 10/10
  8174 | D:8      | Reached ** piety under Yredelemnul
  8284 | D:8      | Found a stormy altar of Qazlal.
  8317 | D:8      | Reached skill level 12 in Long Blades
  8946 | D:9      | Reached skill level 13 in Long Blades
  9027 | D:9      | Reached *** piety under Yredelemnul
  9070 | D:9      | Reached skill level 1 in Throwing
  9167 | D:9      | Reached **** piety under Yredelemnul
  9217 | D:9      | Reached ***** piety under Yredelemnul
  9499 | D:10     | Entered Level 10 of the Dungeon
  9693 | D:10     | Noticed a gargoyle
  9702 | D:10     | Killed a gargoyle
  9703 | D:10     | Reached skill level 5 in Throwing
  9704 | D:10     | Found a glowing silver altar of Zin.
  9706 | D:10     | Found a glowing golden altar of the Shining One.
  9720 | D:10     | Found a white marble altar of Elyvilon.
  9793 | D:10     | Found Omaawu's Weapon Emporium.
  9844 | D:10     | Noticed a centaur warrior
  9850 | D:10     | Killed a centaur warrior
  9980 | D:10     | Found a sacrificial altar of Ru.
 10027 | D:10     | Reached XP level 11. HP: 84/84 MP: 11/11
 10063 | D:10     | Found a staircase to the Orcish Mines.
 10453 | D:2      | Bought a masterwork troll leather armour for 600 gold
                  | pieces
 10453 | D:2      | Identified the +2 troll leather armour "Decakajo" {rF+
                  | Regen+ Str+2} (You bought it in a shop on level 2 of the
                  | Dungeon)
 10645 | D:11     | Noticed a two-headed ogre
 10648 | D:11     | Killed a two-headed ogre
 10838 | D:11     | Noticed a boulder beetle
 10854 | D:11     | Killed a boulder beetle
 10884 | D:11     | Noticed Nergalle
 10887 | D:11     | Noticed a spectral orc warlord
 10894 | D:11     | Killed Nergalle
 10975 | D:11     | Reached skill level 10 in Shields
 10998 | D:11     | Reached skill level 1 in Invocations
 11066 | D:11     | Found Lifiem's Antique Armour Boutique.
 11468 | D:12     | You fall into a shaft and drop 3 floors!
 11468 | D:15     | Entered Level 15 of the Dungeon
 11469 | D:15     | Found an ornate altar of the Wu Jian Council.
 11477 | D:15     | Noticed an orc knight
 11495 | D:15     | Killed an orc knight
 11496 | D:15     | Reached skill level 5 in Invocations
 11559 | D:15     | Noticed a skeletal warrior
 11560 | D:15     | Noticed a skeletal warrior
 11581 | D:15     | Noticed an orc knight
 11597 | D:15     | Killed an orc knight
 11642 | D:15     | Noticed a boulder beetle
 11653 | D:15     | Killed a boulder beetle
 11654 | D:15     | Reached XP level 12. HP: 86/91 MP: 18/18
 11728 | D:14     | Mangled by a very large slime creature

Illustrated notes

Levels and vault maps discovered:
D:1:      dpeg_arrival_windows_large_door, layout_basic, serial_curves,
          eino_curves_03, eino_curves_01, eino_curves_03, eino_curves_02,
          minmay_misc_feat_columns
D:2:      layout_basic, serial_shops, shop
D:3:      layout_loops_ring, mainiacjoe_overflow_concentric_impassable,
          dreamdust_ecumenical_altar_sealed_demon
D:4:      layout_loops_ring, general_overflow_altar,
          mainiacjoe_overflow_alcove_2, minmay_temple_entry_statues_fountains
D:5:      layout_basic, mainiacjoe_overflow_catwalk, trog_antimagical,
          mainiacjoe_overflow_tiny_flanked, serial_bayou_pond_e
D:6:      layout_cave_pods, tgw_sif, gammafunk_ghost_grave,
          kennysheep_generic_room_11
D:7:      layout_gridville, mainiacjoe_overflow_six_doors_small, enter_bailey_5,
          st_stairs_3, uniq_crazy_yiuf_cottage
D:8:      layout_rooms, nicolae_qazlal_scattered_showers,
          erik_lair_orcish_takeover
D:9:      layout_rooms
D:10:     layout_irregular_city, good_gods_temple_1, old_standard_altar,
          david_orc_4, serial_shops, nicolae_shop_tiny_statue_garden,
          kennysheep_generic_room_13
D:11:     layout_gridville, serial_shops, shop, lemuel_flamethrower_2,
          uniq_nergalle
D:12:     layout_cave_pods, serial_shops, shop, trove_entry_hex_spiral,
          minmay_liquid_box, nicolae_elyvilon_peaceful_grove, uniq_gastronok
D:14:     layout_small_grid, skrybe_vaults_entry_preservation,
          nicolae_two_hexagons, hangedman_tell_no_tales, uniq_snorg, uniq_louise
D:15:     hellmonk_depths_entry_around_the_bend, layout_loops_ring,
          nzn_wu_jian_contemplation, serial_undead, serial_undead_a,
          serial_undead_e, serial_undead_e, serial_undead_c, serial_undead_c,
          fedhas_altar_4
Temple:   corrupted_temple

Skill      XL: |  1  2  3  4  5  6  7  8  9 10 11 12 |
---------------+-------------------------------------+-----
Fighting       | 4 |  4.0
Shields        | 4 5 6 10 | 10.0
Dodging        | 3 5 6 |  6.0
Evocations     | 3 |  3.0
Armour         | 7 |  7.0
Short Blades   | 2 6 |  6.7
Long Blades    | 5 11 13 | 13.2
Throwing       | 6 |  6.0
Invocations    | 7 8 |  8.7

Action                     |  1- 3 |  4- 6 |  7- 9 | 10-12 || total
---------------------------+-------+-------+-------+-------++-------
  Melee: Long sword        |   106 |   112 |   230 |       ||   448
         Headbutt          |    11 |    17 |    58 |    78 ||   164
         Scimitar          |       |       |    25 |   326 ||   351
  Throw: Dart              |       |       |     4 |     8 ||    12
 Invoke: Recall Undead Har |       |       |       |     7 ||     7
         Dark Bargain      |       |       |       |     1 ||     1
  Evoke: Wand              |       |       |     8 |     3 ||    11
    Use: Scroll            |     5 |     1 |    11 |     8 ||    25
         Potion            |       |       |     7 |     1 ||     8
   Stab: Sleeping          |     4 |     4 |     3 |     2 ||    13
         Distracted        |       |       |     1 |     5 ||     6
 Armour: Scale mail        |    62 |       |       |       ||    62
         Ring mail         |     2 |    37 |   118 |    51 ||   208
         Troll leather arm |       |       |       |    99 ||    99
  Dodge: Dodged            |    50 |   107 |   218 |   174 ||   549
  Block: Buckler           |    28 |    41 |   114 |    19 ||   202
         Kite shield       |       |       |       |   169 ||   169
